| TOP OF THE 1ST |
|
Montreal Expos batting - Pitching for Pittsburgh Pirates : LHP John Tudor
|
|
Pitching: LHP John Tudor
|
|
|
Batting: LHB Duane Walker
|
0-0: Swinging Strike 0-1: Swinging Strike 0-2: Foul Ball, location: 2F 0-2: DOUBLE (Line Drive, 7LM, EV 103.8 MPH)
|
|
Batting: SHB Garry Templeton
|
0-0: SINGLE (Line Drive, 7LS, EV 93.1 MPH) Duane Walker to third Runner from 3rd tries for Home, SAFE, throw by LF to home
|
|
Batting: LHB Kirk Gibson
|
0-0: Ball 1-0: Ball 2-0: Ball 3-0: Ground out 4-3 (Groundball, 34, EV 106.3 MPH) Garry Templeton to second
|
|
Batting: RHB Dale Murphy
|
0-0: Ball 1-0: Called Strike 1-1: Ball 2-1: Foul Ball, location: 2F 2-2: Fly out, F7 (Flyball, 78D, EV 105.6 MPH)
|
|
Batting: RHB Dave Winfield
|
0-0: Ball 1-0: Foul Ball, location: 2F 1-1: Ball 2-1: Ground out 6-3 (Groundball, 6, EV 103.8 MPH)
|
| Top of the 1st over - 1 run, 2 hits, 0 errors, 1 left on base; Montreal 1 - Pittsburgh 0 |
| BOTTOM OF THE 1ST |
|
Pittsburgh Pirates batting - Pitching for Montreal Expos : LHP Frank Riccelli
|
|
Pitching: LHP Frank Riccelli
|
|
|
Batting: RHB Dan Gladden
|
0-0: Ball 1-0: Called Strike 1-1: Fly out, F8 (Line Drive, 8LM, EV 103.1 MPH)
|
|
Batting: SHB Chili Davis
|
0-0: Ball 1-0: Fly out, F8 (Flyball, 8RXD, EV 98.1 MPH)
|
|
Batting: RHB Rennie Stennett
|
0-0: Foul Ball, location: 2F 0-1: Fly out, F9 (Flyball, 9LM, EV 87.5 MPH)
|
| Bottom of the 1st over - 0 runs, 0 hits, 0 errors, 0 left on base; Montreal 1 - Pittsburgh 0 |
| TOP OF THE 2ND |
|
Montreal Expos batting - Pitching for Pittsburgh Pirates : LHP John Tudor
|
|
Batting: LHB Timnothy Meyer
|
0-0: Ball 1-0: Swinging Strike 1-1: Ball 2-1: Ball 3-1: Fly out, F8 (Flyball, 8RXD, EV 102.5 MPH)
|
|
Batting: LHB Ernesto Quevedo
|
0-0: Ball 1-0: Foul Ball, location: 2F 1-1: Called Strike 1-2: Ground out 6-3 (Groundball, 6M, EV 86.3 MPH)
|
|
Batting: LHB Orlando Sanchez
|
0-0: SINGLE (Line Drive, 89S, EV 95.6 MPH)
|
|
Batting: LHB Frank Riccelli
|
0-0: Ball 1-0: Swinging Strike 1-1: Ball 2-1: Foul Ball, location: 2F 2-2: SINGLE (Groundball, 34, EV 86.9 MPH) (infield hit) Orlando Sanchez to second
|
|
Batting: LHB Duane Walker
|
0-0: Ball 1-0: Fly out, F8 (Line Drive, 8RD, EV 90.0 MPH)
|
| Top of the 2nd over - 0 runs, 2 hits, 0 errors, 2 left on base; Montreal 1 - Pittsburgh 0 |
| BOTTOM OF THE 2ND |
|
Pittsburgh Pirates batting - Pitching for Montreal Expos : LHP Frank Riccelli
|
|
Batting: LHB Robert Lopez
|
0-0: Ball 1-0: Swinging Strike 1-1: Swinging Strike 1-2: Ground out U3 (Groundball, 3L, EV 80.6 MPH)
|
|
Batting: LHB Greg Walker
|
0-0: Ball 1-0: Ball 2-0: Fly out, F8 (Flyball, 8RXD, EV 99.4 MPH)
|
|
Batting: RHB Mike C Brown
|
0-0: Called Strike 0-1: Foul Ball, location: 2F 0-2: Ball 1-2: Strikes out swinging
|
| Bottom of the 2nd over - 0 runs, 0 hits, 0 errors, 0 left on base; Montreal 1 - Pittsburgh 0 |
| TOP OF THE 3RD |
|
Montreal Expos batting - Pitching for Pittsburgh Pirates : LHP John Tudor
|
|
Batting: SHB Garry Templeton
|
0-0: Fly out, F8 (Line Drive, 8LM, EV 93.1 MPH)
|
|
Batting: LHB Kirk Gibson
|
0-0: Ball 1-0: Called Strike 1-1: Ball 2-1: Ball 3-1: Foul Ball, location: 2F 3-2: Fly out, F9 (Line Drive, 9, EV 88.1 MPH)
|
|
Batting: RHB Dale Murphy
|
0-0: Ball 1-0: Called Strike 1-1: Foul Ball, location: 2F 1-2: Foul Ball, location: 2F 1-2: Ground out 4-3 (Groundball, 4, EV 96.3 MPH)
|
| Top of the 3rd over - 0 runs, 0 hits, 0 errors, 0 left on base; Montreal 1 - Pittsburgh 0 |
| BOTTOM OF THE 3RD |
|
Pittsburgh Pirates batting - Pitching for Montreal Expos : LHP Frank Riccelli
|
|
Batting: SHB John Shelby
|
0-0: Ball 1-0: Ground out 4-3 (Groundball, 4, EV 88.8 MPH)
|
|
Batting: SHB Ron Oester
|
0-0: Ball 1-0: Ball 2-0: Ball 3-0: Base on Balls
|
|
Batting: LHB John Tudor
|
0-0: Ball 1-0: Sac Bunt to 15 - play at first, batter OUT! 1-4 Ron Oester to second
|
|
Batting: RHB Dan Gladden
|
0-0: Called Strike 0-1: Swinging Strike 0-2: Ball Wild Pitch! Ron Oester to third 1-2: Strikes out swinging
|
| Bottom of the 3rd over - 0 runs, 0 hits, 0 errors, 1 left on base; Montreal 1 - Pittsburgh 0 |
| TOP OF THE 4TH |
|
Montreal Expos batting - Pitching for Pittsburgh Pirates : LHP John Tudor
|
|
Batting: RHB Dave Winfield
|
0-0: Ball 1-0: Ball 2-0: Foul Ball, location: 2F 2-1: Fly out, F8 (Flyball, 8RXD, EV 86.9 MPH)
|
|
Batting: LHB Timnothy Meyer
|
0-0: Ball 1-0: Ground out 4-3 (Groundball, 4S, EV 80.6 MPH)
|
|
Batting: LHB Ernesto Quevedo
|
0-0: Ball 1-0: SINGLE (Line Drive, 8LS, EV 95.0 MPH)
|
|
Batting: LHB Orlando Sanchez
|
0-0: Ball 1-0: SINGLE (Line Drive, 6MD, EV 96.3 MPH) Ernesto Quevedo to second Runner from 2nd tries for 3rd, SAFE, throw by CF made to third
|
|
Batting: LHB Frank Riccelli
|
0-0: Ball 1-0: Fly out, F9 (Line Drive, 9, EV 94.4 MPH)
|
| Top of the 4th over - 0 runs, 2 hits, 0 errors, 2 left on base; Montreal 1 - Pittsburgh 0 |
| BOTTOM OF THE 4TH |
|
Pittsburgh Pirates batting - Pitching for Montreal Expos : LHP Frank Riccelli
|
|
Batting: SHB Chili Davis
|
0-0: Bunted foul 0-1: Swinging Strike 0-2: Strikes out swinging
|
|
Batting: RHB Rennie Stennett
|
0-0: Foul Ball, location: 2F 0-1: Ground out 5-3 (Groundball, 56S, EV 90.0 MPH)
|
|
Batting: LHB Robert Lopez
|
0-0: Ball 1-0: Foul Ball, location: 2F 1-1: Ball 2-1: Foul Ball, location: 2F 2-2: Fly out, F7 (Line Drive, 7, EV 100.0 MPH)
|
| Bottom of the 4th over - 0 runs, 0 hits, 0 errors, 0 left on base; Montreal 1 - Pittsburgh 0 |
| TOP OF THE 5TH |
|
Montreal Expos batting - Pitching for Pittsburgh Pirates : LHP John Tudor
|
|
Batting: LHB Duane Walker
|
0-0: Ball 1-0: Foul Ball, location: 2F 1-1: Fly out, F8 (Flyball, 8LS, EV 89.4 MPH)
|
|
Batting: SHB Garry Templeton
|
0-0: Foul Ball, location: 2F 0-1: Ball 1-1: Ground out U3 (Groundball, 34S, EV 87.5 MPH)
|
|
Batting: LHB Kirk Gibson
|
0-0: Ball 1-0: Ball 2-0: Ground out 1-3 (Groundball, 23, EV 63.1 MPH)
|
| Top of the 5th over - 0 runs, 0 hits, 0 errors, 0 left on base; Montreal 1 - Pittsburgh 0 |
| BOTTOM OF THE 5TH |
|
Pittsburgh Pirates batting - Pitching for Montreal Expos : LHP Frank Riccelli
|
|
Batting: LHB Greg Walker
|
0-0: Ball 1-0: Ball 2-0: Foul Ball, location: 2F 2-1: Swinging Strike 2-2: Ground out 6-3 (Groundball, 6, EV 78.8 MPH)
|
|
Batting: RHB Mike C Brown
|
0-0: Ball 1-0: Ground out 5-3 (Groundball, 5L, EV 101.3 MPH)
|
|
Batting: SHB John Shelby
|
0-0: Ball 1-0: Ground out 5-3 (Groundball, 56, EV 103.1 MPH)
|
| Bottom of the 5th over - 0 runs, 0 hits, 0 errors, 0 left on base; Montreal 1 - Pittsburgh 0 |
| TOP OF THE 6TH |
|
Montreal Expos batting - Pitching for Pittsburgh Pirates : LHP John Tudor
|
|
Batting: RHB Dale Murphy
|
0-0: Ball 1-0: Fly out, F8 (Flyball, 78M, EV 95.6 MPH)
|
|
Batting: RHB Dave Winfield
|
0-0: Ball 1-0: Called Strike 1-1: Ball 2-1: Called Strike 2-2: Ball 3-2: Foul Ball, location: 2F 3-2: Foul Ball, location: 2F 3-2: Ground out U3 (Groundball, 3L, EV 86.3 MPH)
|
|
Batting: LHB Timnothy Meyer
|
0-0: Ball 1-0: SINGLE (Line Drive, 6D, EV 103.1 MPH)
|
|
Batting: LHB Ernesto Quevedo
|
0-0: Ball 1-0: Fly out, F8 (Flyball, 8RM, EV 94.4 MPH)
|
| Top of the 6th over - 0 runs, 1 hit, 0 errors, 1 left on base; Montreal 1 - Pittsburgh 0 |
| BOTTOM OF THE 6TH |
|
Pittsburgh Pirates batting - Pitching for Montreal Expos : LHP Frank Riccelli
|
|
Batting: SHB Ron Oester
|
0-0: Ball 1-0: Ground out U3 (Groundball, 3S, EV 83.8 MPH)
|
|
Batting: LHB John Tudor
|
0-0: Ball 1-0: Called Strike 1-1: Fly out, F9 (Line Drive, 9, EV 89.4 MPH)
|
|
Batting: RHB Dan Gladden
|
0-0: Called Strike 0-1: SINGLE (Line Drive, 4D, EV 103.1 MPH)
|
|
Batting: SHB Chili Davis
|
0-0: Called Strike 0-1: Called Strike 0-2: Ball 1-2: Strikes out swinging
|
| Bottom of the 6th over - 0 runs, 1 hit, 0 errors, 1 left on base; Montreal 1 - Pittsburgh 0 |
| TOP OF THE 7TH |
|
Montreal Expos batting - Pitching for Pittsburgh Pirates : LHP John Tudor
|
|
Batting: LHB Orlando Sanchez
|
0-0: SINGLE (Groundball, 25, EV 76.9 MPH) (infield hit)
|
|
Batting: LHB Frank Riccelli
|
0-0: Ball 1-0: Sac Bunt - play at second, runner OUT -> throw to first, DP!
|
|
Batting: LHB Duane Walker
|
0-0: Called Strike 0-1: Foul Ball, location: 2F 0-2: SINGLE (Line Drive, 8RS, EV 88.1 MPH)
|
|
Pitching: RHP Mark Lemongello
|
|
|
Batting: SHB Garry Templeton
|
0-0: Foul Ball, location: 2F 0-1: Ball 1-1: Foul Ball, location: 2F 1-2: TRIPLE (Flyball, 89XD, EV 101.9 MPH) Duane Walker scores
|
|
Batting: LHB Kirk Gibson
|
0-0: Called Strike 0-1: Ball 1-1: Ball 2-1: Fly out, F9 (Line Drive, 9S, EV 92.5 MPH)
|
| Top of the 7th over - 1 run, 3 hits, 0 errors, 1 left on base; Montreal 2 - Pittsburgh 0 |
| BOTTOM OF THE 7TH |
|
Pittsburgh Pirates batting - Pitching for Montreal Expos : LHP Frank Riccelli
|
|
Batting: RHB Rennie Stennett
|
0-0: Fly out, F9 (Flyball, 89S, EV 91.9 MPH)
|
|
Batting: LHB Robert Lopez
|
0-0: Ball 1-0: Called Strike 1-1: Swinging Strike 1-2: Strikes out swinging
|
|
Batting: LHB Greg Walker
|
0-0: Fly out, F8 (Line Drive, 8LM, EV 92.5 MPH)
|
| Bottom of the 7th over - 0 runs, 0 hits, 0 errors, 0 left on base; Montreal 2 - Pittsburgh 0 |
| TOP OF THE 8TH |
|
Montreal Expos batting - Pitching for Pittsburgh Pirates : RHP Mark Lemongello
|
|
Batting: RHB Dale Murphy
|
0-0: Ball 1-0: Called Strike 1-1: Ball 2-1: Foul Ball, location: 2F 2-2: Ball 3-2: Ground out 4-3 (Groundball, 4, EV 86.3 MPH)
|
|
Batting: RHB Dave Winfield
|
0-0: Swinging Strike 0-1: Fly out, F7 (Flyball, 7D, EV 101.9 MPH)
|
|
Batting: LHB Timnothy Meyer
|
0-0: Ball 1-0: SINGLE (Groundball, 3D, EV 108.1 MPH)
|
|
Batting: LHB Ernesto Quevedo
|
0-0: Fielders Choice at 2nd, 6-4 (Groundball, 56, EV 86.3 MPH)
|
| Top of the 8th over - 0 runs, 1 hit, 0 errors, 1 left on base; Montreal 2 - Pittsburgh 0 |
| BOTTOM OF THE 8TH |
|
Pittsburgh Pirates batting - Pitching for Montreal Expos : LHP Frank Riccelli
|
|
Batting: RHB Mike C Brown
|
0-0: Ground out 4-3 (Groundball, 4, EV 86.9 MPH)
|
|
Batting: SHB John Shelby
|
0-0: Ball 1-0: Ball 2-0: Ball 3-0: Swinging Strike 3-1: Fly out, F9 (Flyball, 9, EV 85.0 MPH)
|
|
Batting: SHB Ron Oester
|
0-0: Ball 1-0: Called Strike 1-1: Fly out, F9 (Flyball, 9, EV 72.5 MPH)
|
| Bottom of the 8th over - 0 runs, 0 hits, 0 errors, 0 left on base; Montreal 2 - Pittsburgh 0 |
| TOP OF THE 9TH |
|
Montreal Expos batting - Pitching for Pittsburgh Pirates : RHP Mark Lemongello
|
|
Batting: LHB Orlando Sanchez
|
0-0: Called Strike 0-1: Ground out U3 (Groundball, 34, EV 110.0 MPH)
|
|
Batting: LHB Frank Riccelli
|
0-0: Ball 1-0: Ball 2-0: Foul Ball, location: 2F 2-1: Foul Ball, location: 2F 2-2: Strikes out swinging
|
|
Batting: LHB Duane Walker
|
0-0: Swinging Strike 0-1: Swinging Strike 0-2: Ball 1-2: TRIPLE (Flyball, 9LD, EV 93.1 MPH)
|
|
Batting: SHB Garry Templeton
|
0-0: Fly out, F8 (Flyball, 89D, EV 96.3 MPH)
|
| Top of the 9th over - 0 runs, 1 hit, 0 errors, 1 left on base; Montreal 2 - Pittsburgh 0 |
| BOTTOM OF THE 9TH |
|
Pittsburgh Pirates batting - Pitching for Montreal Expos : LHP Frank Riccelli
|
|
Now at 2B: Alex Ortiz
|
|
|
Now in LF: Guonçalo Fernandes
|
|
|
Now in RF: Luis Sanchez
|
|
|
Pinch Hitting: LHB Terry Whitfield
|
0-0: Called Strike 0-1: Fly out, F7 (Flyball, 7D, EV 95.6 MPH)
|
|
Batting: RHB Dan Gladden
|
0-0: Ball 1-0: Ball 2-0: Foul Ball, location: 2F 2-1: Called Strike 2-2: Foul Ball, location: 2F 2-2: Ball 3-2: SOLO HOME RUN (Flyball, 7D, EV 105.6 MPH), Distance : 393 ft
|
|
Pitching: LHP Bob Ojeda
|
|
|
Batting: SHB Chili Davis
|
0-0: SINGLE (Flyball, 8LS, EV 95.6 MPH)
|
|
Batting: RHB Rennie Stennett
|
0-0: Ball 1-0: Fly out, F9 (Flyball, 89D, EV 95.0 MPH)
|
|
Batting: LHB Robert Lopez
|
0-0: Ball 1-0: Called Strike 1-1: SINGLE (Groundball, 34D, EV 101.9 MPH) Chili Davis to second Runner from 2nd tries for 3rd, SAFE, no throw by RF
|
|
Batting: LHB Greg Walker
|
0-0: Called Strike 0-1: Ground out U3 (Groundball, 3S, EV 69.4 MPH)
|
| Bottom of the 9th over - 1 run, 3 hits, 0 errors, 2 left on base; Montreal 2 - Pittsburgh 1 |
|